CAROLINA Hurricanes vs PHILADELPHIA Flyers

Created - 23 février 2024 at 14:29

Goals
1 2 3 T
CAROLINA Hurricanes 2 1 0 3
PHILADELPHIA Flyers 0 1 0 1
Shots
1 2 3 T
CAROLINA Hurricanes 12 10 11 33
PHILADELPHIA Flyers 6 10 9 25

1st period

1. CAROLINA Hurricanes , William Nylander 6 (Elias Pettersson 10, Adam Fox 20) at 0:18
2. CAROLINA Hurricanes , Brady Tkachuk 4 (Adam Fox 21, Mika Zibanejad 11) at 18:45 (PP)

Penalties :
Kris Letang (CAR) for Tripping (Minor) at 6:51, Alexander Edler (PHI) for Slashing (Minor) at 18:26

2nd period

3. PHILADELPHIA Flyers , Nick Schmaltz 6 (Joel Edmundson 8, Sean Couturier 5) at 0:33
4. CAROLINA Hurricanes , Adam Fox 5 (Travis Konecny 7, Brandon Montour 9) at 6:35

Penalties :
Mike Hoffman (PHI) for Tripping (Minor) at 9:58, Shea Weber (PHI) for Roughing (Minor) at 16:14

3rd period

No Goal

Penalties :
No Penalty

Goalie Stats

Alexandar Georgiev (CAR), 24 saves from 25 shots - (0,960), W, 15-4-2, 60:00 minutes
Connor Hellebuyck (PHI), 30 saves from 33 shots - (0,909), L, 12-8-2, 60:00 minutes

Players Stats for CAROLINA Hurricanes

Player Name              G  A  P  +/- PIM S  H  SB GA TA FO     MP     PP MP  PK MP  
------------------------------------------------------------------------------------
Adam Fox                 1  2  3   2  0   2  0  1  0  0  0/0    24:46   2:39   1:09 
Blake Lizotte            0  0  0   0  0   3  2  0  0  0  8/18   13:01   0:00   0:00 
Brady Tkachuk            1  0  1   1  0   4  5  0  0  0  0/2    16:51   2:23   0:00 
Brandon Montour          0  1  1   2  0   0  5  1  0  0  0/0    24:27   2:39   0:50 
David Perron             0  0  0   0  0   1  2  1  0  0  0/0    13:01   0:00   0:00 
Derek Ryan               0  0  0   0  0   2  1  0  0  0  3/5     7:37   0:00   0:56 
Devon Toews              0  0  0  -1  0   3  1  1  0  0  0/0    21:24   1:38   0:35 
Elias Pettersson         0  1  1   0  0   5  2  0  0  0  4/6    22:31   1:54   1:03 
Evgeny Svechnikov        0  0  0   0  0   0  0  0  0  0  0/0     6:41   0:00   0:00 
Filip Forsberg           0  0  0   0  0   2  0  0  0  0  1/1    14:55   1:54   0:00 
Kris Letang              0  0  0  -1  2   2  5  0  0  0  0/0    20:48   1:38   0:00 
Mika Zibanejad           0  1  1   0  0   4  2  0  0  0  14/31  23:00   2:23   1:03 
Nazem Kadri              0  0  0   1  0   2  0  0  0  0  8/19   14:28   0:00   0:00 
Niko Mikkola             0  0  0   0  0   0  0  1  0  0  0/0    13:35   0:00   0:00 
Noah Cates               0  0  0   0  0   1  0  0  0  0  1/1     7:37   0:00   0:56 
Rasmus Ristolainen       0  0  0   0  0   0  1  0  0  0  0/0    14:59   0:00   1:24 
Travis Konecny           0  1  1   1  0   0  2  0  0  0  0/1    16:22   1:54   0:00 
William Nylander         1  0  1   0  0   2  0  0  0  0  0/1    21:57   2:23   0:00 

Players Stats for PHILADELPHIA Flyers

Player Name              G  A  P  +/- PIM S  H  SB GA TA FO     MP     PP MP  PK MP  
------------------------------------------------------------------------------------
Adam Erne                0  0  0   0  0   3  1  0  0  0  0/1    11:47   1:05   0:00 
Alexander Edler          0  0  0   0  2   0  2  2  0  0  0/0    21:16   0:54   0:00 
Ben Chiarot              0  0  0  -2  0   1  0  1  0  0  0/0    21:49   1:05   1:35 
Chris Tierney            0  0  0   0  0   0  1  0  0  0  7/11    8:04   0:00   0:00 
Claude Giroux            0  0  0  -2  0   2  1  1  0  0  0/1    22:55   0:54   2:40 
Jakub Voracek            0  0  0   0  0   0  0  0  0  0  0/0     8:04   0:00   0:00 
Joel Edmundson           0  1  1   1  0   1  0  1  0  0  0/0    16:56   0:34   2:10 
Jonathan Drouin          0  0  0   0  0   1  2  0  0  0  0/0    11:25   0:00   0:43 
Josh Leivo               0  0  0   0  0   1  0  0  0  0  1/3     8:47   0:00   0:43 
Justin Schultz           0  0  0   0  0   0  1  1  0  0  0/0    20:09   0:31   2:01 
Leon Draisaitl           0  0  0  -2  0   7  2  0  0  0  21/37  22:55   0:54   2:40 
Mike Hoffman             0  0  0  -2  2   2  3  0  0  0  0/1    20:25   1:05   0:00 
Nick Schmaltz            1  0  1   1  0   3  1  0  0  0  1/3    17:25   0:54   0:54 
Noah Juulsen             0  0  0   1  0   1  2  0  0  0  0/0    15:27   0:00   1:15 
Sam Gagner               0  0  0   0  0   1  0  0  0  0  5/9    11:16   0:34   0:00 
Sean Couturier           0  1  1   1  0   1  0  0  0  0  10/17  16:31   0:00   0:54 
Sean Monahan             0  0  0   1  0   0  3  0  0  0  1/2    16:08   0:31   0:00 
Shea Weber               0  0  0  -2  2   1  5  0  0  0  0/0    24:21   0:54   1:33 

3 Stars

1 - Adam Fox (CAR)
2 - Brady Tkachuk (CAR)
3 - Brandon Montour (CAR)

Power Play

CAROLINA Hurricanes - 1 on 3 Attempt(s) - 33,33%
PHILADELPHIA Flyers - 0 on 1 Attempt(s) - 0,00%

Penalty Kill

CAROLINA Hurricanes - 1 on 1 Attempt(s) - 100,00% - Score 0 goal in Penalty Kill
PHILADELPHIA Flyers - 2 on 3 Attempt(s) - 66,67% - Score 0 goal in Penalty Kill

Team Stat

CAROLINA Hurricanes - Hits : 28 - Faceoff Wins : 39 - Blocked Shots : 5 - Penalty Minutes : 2
PHILADELPHIA Flyers - Hits : 24 - Faceoff Wins : 46 - Blocked Shots : 6 - Penalty Minutes : 6

Official

Referees : Justin St. Pierre and Jacob Brenk
Linesman : Caleb Apperson and Steve Barton

Game Notes

No Game Note

Finance

Level 1 -- Attendance: 4882 (81,37%) -- Ticket Income $488,200
Level 2 -- Attendance: 4237 (84,74%) -- Ticket Income $254,220
Level 3 -- Attendance: 2000 (100,00%) -- Ticket Income $70,000
Level 4 -- Attendance: 4000 (100,00%) -- Ticket Income $80,000
Luxury Box -- Attendance: 861 (86,10%) -- Ticket Income $172,200
Game was played at the Wells Fargo Center.
Total Attendance: 15980 (88,78%)
Total Ticket Income: $1,064,620
Other Income: $266,155
Total Income: $1,330,775

CAROLINA Hurricanes

5 vs 5 Forward 
   Center                   Left Wing                Right Wing               Time % Phy DF OF 
 1 Mika Zibanejad           Elias Pettersson         William Nylander         40     1   2  2  
 2 Nazem Kadri              Brady Tkachuk            Travis Konecny           30     1   2  2  
 3 Blake Lizotte            Filip Forsberg           David Perron             20     1   2  2  
 4 Derek Ryan               Noah Cates               Evgeny Svechnikov        10     1   2  2  

5 vs 5 Defense 
   Defense                  Defense                                           Time % Phy DF OF 
 1 Adam Fox                 Brandon Montour                                   40     1   2  2  
 2 Kris Letang              Devon Toews                                       30     1   2  2  
 3 Rasmus Ristolainen       Niko Mikkola                                      20     1   2  2  
 4 Adam Fox                 Brandon Montour                                   10     1   2  2  

PowerPlay Forward 
   Center                   Left Wing                Right Wing               Time % Phy DF OF 
 1 Mika Zibanejad           Brady Tkachuk            William Nylander         60     1   2  2  
 2 Elias Pettersson         Filip Forsberg           Travis Konecny           40     1   2  2  

PowerPlay Defense
   Defense                  Defense                                           Time % Phy DF OF 
 1 Adam Fox                 Brandon Montour                                   60     1   2  2  
 2 Kris Letang              Devon Toews                                       40     1   2  2  

Penalty Kill 4 Players Forward 
   Center                   Wing                     Time % Phy DF OF 
 1 Mika Zibanejad           Elias Pettersson         60     1   2  2  
 2 Noah Cates               Derek Ryan               40     1   2  2  

Penalty Kill 4 Players Defense
   Defense                  Defense                  Time % Phy DF OF 
 1 Adam Fox                 Devon Toews              60     1   2  2  
 2 Kris Letang              Rasmus Ristolainen       40     1   2  2  

Penalty Kill - 3 Players Forward 
   Forward                                           Time % Phy DF OF 
 1 Mika Zibanejad                                    60     1   2  2  
 2 Elias Pettersson                                  40     1   2  2  

Penalty Kill - 3 Players Defense
   Defense                  Defense                  Time % Phy DF OF 
 1 Adam Fox                 Devon Toews              60     1   2  2  
 2 Kris Letang              Rasmus Ristolainen       40     1   2  2  

4 vs 4 Forward 
   Center                   Wing                     Time % Phy DF OF 
 1 Mika Zibanejad           William Nylander         60     1   2  2  
 2 Elias Pettersson         Filip Forsberg           40     1   2  2  

4 vs 4 Defense
   Defense                  Defense                  Time % Phy DF OF 
 1 Adam Fox                 Brandon Montour          60     1   2  2  
 2 Kris Letang              Devon Toews              40     1   2  2  

Last Minutes Offensive
   Center                   Left Wing                Right Wing               Defense                  Defense                  
   Mika Zibanejad           Brady Tkachuk            William Nylander         Adam Fox                 Brandon Montour          

Last Minutes Defensive
   Center                   Left Wing                Right Wing               Defense                  Defense                  
   Mika Zibanejad           Brady Tkachuk            William Nylander         Adam Fox                 Brandon Montour          

Goaltenders
Starting : Alexandar Georgiev       
Backup : Alex Lyon                

Extra Forwards
Normal : Nazem Kadri, David Perron, Travis Konecny - PP : Nazem Kadri, David Perron - PK : Nazem Kadri
Extra Defensemen
Normal : Devon Toews, Rasmus Ristolainen, Niko Mikkola - PP : Devon Toews - PK : Devon Toews, Rasmus Ristolainen
Penalty Shots
Mika Zibanejad, Elias Pettersson, William Nylander, Brady Tkachuk, Nazem Kadri

Scratches
None

PHILADELPHIA Flyers

5 vs 5 Forward 
   Center                   Left Wing                Right Wing               Time % Phy DF OF 
 1 Leon Draisaitl           Mike Hoffman             Claude Giroux            50     1   2  2  
 2 Sean Couturier           Sean Monahan             Nick Schmaltz            25     1   2  2  
 3 Sam Gagner               Jonathan Drouin          Adam Erne                15     1   2  2  
 4 Chris Tierney            Jakub Voracek            Josh Leivo               10     1   2  2  

5 vs 5 Defense 
   Defense                  Defense                                           Time % Phy DF OF 
 1 Ben Chiarot              Shea Weber                                        40     1   2  2  
 2 Alexander Edler          Justin Schultz                                    30     1   2  2  
 3 Joel Edmundson           Noah Juulsen                                      20     1   2  2  
 4 Alexander Edler          Shea Weber                                        10     1   2  2  

PowerPlay Forward 
   Center                   Left Wing                Right Wing               Time % Phy DF OF 
 1 Nick Schmaltz            Leon Draisaitl           Claude Giroux            60     1   2  2  
 2 Sean Monahan             Mike Hoffman             Adam Erne                40     1   2  2  

PowerPlay Defense
   Defense                  Defense                                           Time % Phy DF OF 
 1 Alexander Edler          Shea Weber                                        60     1   2  2  
 2 Ben Chiarot              Justin Schultz                                    40     1   2  2  

Penalty Kill 4 Players Forward 
   Center                   Wing                     Time % Phy DF OF 
 1 Leon Draisaitl           Claude Giroux            60     1   2  2  
 2 Sean Couturier           Nick Schmaltz            40     1   2  2  

Penalty Kill 4 Players Defense
   Defense                  Defense                  Time % Phy DF OF 
 1 Noah Juulsen             Ben Chiarot              60     1   2  2  
 2 Shea Weber               Joel Edmundson           40     1   2  2  

Penalty Kill - 3 Players Forward 
   Forward                                           Time % Phy DF OF 
 1 Leon Draisaitl                                    60     1   2  2  
 2 Claude Giroux                                     40     1   2  2  

Penalty Kill - 3 Players Defense
   Defense                  Defense                  Time % Phy DF OF 
 1 Shea Weber               Ben Chiarot              60     1   2  2  
 2 Justin Schultz           Joel Edmundson           40     1   2  2  

4 vs 4 Forward 
   Center                   Wing                     Time % Phy DF OF 
 1 Leon Draisaitl           Claude Giroux            60     1   2  2  
 2 Sean Monahan             Nick Schmaltz            40     1   2  2  

4 vs 4 Defense
   Defense                  Defense                  Time % Phy DF OF 
 1 Justin Schultz           Ben Chiarot              60     1   2  2  
 2 Shea Weber               Joel Edmundson           40     1   2  2  

Last Minutes Offensive
   Center                   Left Wing                Right Wing               Defense                  Defense                  
   Claude Giroux            Leon Draisaitl           Nick Schmaltz            Shea Weber               Ben Chiarot              

Last Minutes Defensive
   Center                   Left Wing                Right Wing               Defense                  Defense                  
   Sean Monahan             Jonathan Drouin          Claude Giroux            Alexander Edler          Justin Schultz           

Goaltenders
Starting : Connor Hellebuyck        
Backup : Arturs Silovs            

Extra Forwards
Normal : Sam Gagner, Adam Erne, Jonathan Drouin - PP : Sam Gagner, Adam Erne - PK : Jonathan Drouin
Extra Defensemen
Normal : Justin Schultz, Alexander Edler, Shea Weber - PP : Alexander Edler - PK : Shea Weber, Noah Juulsen
Penalty Shots
Leon Draisaitl, Claude Giroux, Jonathan Drouin, Nick Schmaltz, Mike Hoffman

Scratches
None


% Time on Ice - CAROLINA Hurricanes

Lines # - Real PCT - Wanted PCT - Time Play
Normal Forward
1 - 36% - 40% - 19:34
2 - 27% - 30% - 14:28
3 - 24% - 20% - 13:01
4 - 12% - 10% - 6:41
Normal Defense
1 - 34% - 40% - 18:25
2 - 36% - 30% - 19:11
3 - 25% - 20% - 13:35
4 - 5% - 10% - 2:33
PP Forward
1 - 56% - 60% - 2:23
2 - 44% - 40% - 1:54
PP Defense
1 - 62% - 60% - 2:39
2 - 38% - 40% - 1:38
PK Forward
1 - 53% - 60% - 1:03
2 - 47% - 40% - 0:56
PK Defense
1 - 49% - 60% - 0:58
2 - 51% - 40% - 1:01
PK3 Forward
1 - 0% - 60%
2 - 0% - 40%
PK3 Defense
1 - 0% - 60%
2 - 0% - 40%
44 Forward
1 - 0% - 60%
2 - 0% - 40%
44 Defense
1 - 0% - 60%
2 - 0% - 40%
Last Minute Offensive  - 0:00
Last Minute Defensive  - 0:00
Total
Forward - 60:00
Defense - 60:00

% Time on Ice - PHILADELPHIA Flyers

Lines # - Real PCT - Wanted PCT - Time Play
Normal Forward
1 - 36% - 50% - 19:21
2 - 29% - 25% - 15:37
3 - 20% - 15% - 10:42
4 - 15% - 10% - 8:04
Normal Defense
1 - 36% - 40% - 19:09
2 - 33% - 30% - 17:37
3 - 26% - 20% - 14:12
4 - 5% - 10% - 2:46
PP Forward
1 - 45% - 60% - 0:54
2 - 55% - 40% - 1:05
PP Defense
1 - 45% - 60% - 0:54
2 - 55% - 40% - 1:05
PK Forward
1 - 79% - 60% - 3:23
2 - 21% - 40% - 0:54
PK Defense
1 - 37% - 60% - 1:35
2 - 63% - 40% - 2:42
PK3 Forward
1 - 0% - 60%
2 - 0% - 40%
PK3 Defense
1 - 0% - 60%
2 - 0% - 40%
44 Forward
1 - 0% - 60%
2 - 0% - 40%
44 Defense
1 - 0% - 60%
2 - 0% - 40%
Last Minute Offensive  - 0:00
Last Minute Defensive  - 0:00
Total
Forward - 60:00
Defense - 60:00

Play-by-Play

1st period


0:01 of 1st period - Mika Zibanejad wins face-off versus Leon Draisaitl in neutral zone.
0:16 of 1st period - Shot by William Nylander.
0:16 of 1st period - Shot Misses the Net.
0:18 of 1st period - Shot by Elias Pettersson.
0:18 of 1st period - Deflect By William Nylander.
0:18 of 1st period - The goal is going for a video replay.
0:18 of 1st period - The goal is good.
0:18 of 1st period - Goal by William Nylander - CAROLINA Hurricanes : 1 - PHILADELPHIA Flyers : 0.
0:19 of 1st period - Sean Couturier wins face-off versus Nazem Kadri in neutral zone.
0:48 of 1st period - Shot by Nick Schmaltz.
0:48 of 1st period - Shot Misses the Net.
1:06 of 1st period - Icing by Justin Schultz.
1:07 of 1st period - Sean Monahan wins face-off versus Blake Lizotte in PHILADELPHIA Flyers zone.
2:05 of 1st period - Elias Pettersson is hit by Noah Juulsen and loses puck.
2:14 of 1st period - Elias Pettersson is hit by Leon Draisaitl and loses puck.
2:41 of 1st period - Shot by Ben Chiarot.
2:41 of 1st period - Shot Blocked by Adam Fox.
2:43 of 1st period - Shot by Jonathan Drouin.
2:43 of 1st period - Shot Misses the Net.
2:45 of 1st period - Shot by Sam Gagner.
2:45 of 1st period - Shot Misses the Net.
2:47 of 1st period - Shot by Shea Weber.
2:47 of 1st period - Stopped by Alexandar Georgiev without a rebound.
2:48 of 1st period - Noah Cates wins face-off versus Chris Tierney in CAROLINA Hurricanes zone.
3:53 of 1st period - Sam Gagner is hit by Derek Ryan and loses puck.
4:05 of 1st period - Niko Mikkola is hit by Jonathan Drouin.
4:33 of 1st period - Nazem Kadri is hit by Adam Erne and loses puck.
4:48 of 1st period - Ben Chiarot is hit by Brady Tkachuk.
5:23 of 1st period - Icing by Adam Fox.
5:24 of 1st period - Sean Couturier wins face-off versus Mika Zibanejad in CAROLINA Hurricanes zone.
5:25 of 1st period - Shot by Alexander Edler.
5:25 of 1st period - Shot Blocked by Brandon Montour.
6:07 of 1st period - Blake Lizotte is hit by Justin Schultz and loses puck.
6:18 of 1st period - Shot by Blake Lizotte.
6:18 of 1st period - Shot Misses the Net.
6:51 of 1st period - Minor Penalty to Kris Letang for Tripping.
6:52 of 1st period - Sam Gagner wins face-off versus Mika Zibanejad in CAROLINA Hurricanes zone.
7:25 of 1st period - Shot by Joel Edmundson.
7:25 of 1st period - Stopped by Alexandar Georgiev without a rebound.
7:26 of 1st period - Nick Schmaltz wins face-off versus Mika Zibanejad in CAROLINA Hurricanes zone.
7:41 of 1st period - Shot by Shea Weber.
7:41 of 1st period - Shot Misses the Net.
7:43 of 1st period - Shot by Alexander Edler.
7:43 of 1st period - Shot Misses the Net.
8:35 of 1st period - Shot by Noah Cates.
8:35 of 1st period - Stopped by Connor Hellebuyck with a rebound.
8:55 of 1st period - Shot by Joel Edmundson.
8:55 of 1st period - Shot Misses the Net.
8:57 of 1st period - Shot by Josh Leivo.
8:57 of 1st period - Shot Misses the Net.
8:59 of 1st period - Shot by Chris Tierney.
8:59 of 1st period - Shot Blocked by Devon Toews.
9:01 of 1st period - Shot by Noah Juulsen.
9:01 of 1st period - Stopped by Alexandar Georgiev without a rebound.
9:02 of 1st period - Chris Tierney wins face-off versus Blake Lizotte in CAROLINA Hurricanes zone.
9:02 of 1st period - Josh Leivo is hit by Kris Letang and loses puck.
9:26 of 1st period - Shot by Filip Forsberg.
9:26 of 1st period - Shot Misses the Net.
9:28 of 1st period - Shot by Blake Lizotte.
9:28 of 1st period - Stopped by Connor Hellebuyck without a rebound.
9:29 of 1st period - Leon Draisaitl wins face-off versus Elias Pettersson in PHILADELPHIA Flyers zone.
9:39 of 1st period - Icing by Adam Fox.
9:40 of 1st period - Leon Draisaitl wins face-off versus Mika Zibanejad in CAROLINA Hurricanes zone.
9:45 of 1st period - Shot by Mike Hoffman.
9:45 of 1st period - Shot Misses the Net.
9:47 of 1st period - Shot by Leon Draisaitl.
9:47 of 1st period - Stopped by Alexandar Georgiev without a rebound.
9:48 of 1st period - Leon Draisaitl wins face-off versus Mika Zibanejad in CAROLINA Hurricanes zone.
9:55 of 1st period - Shot by Leon Draisaitl.
9:55 of 1st period - Stopped by Alexandar Georgiev without a rebound.
9:56 of 1st period - Mika Zibanejad wins face-off versus Claude Giroux in CAROLINA Hurricanes zone.
9:56 of 1st period - Mika Zibanejad is hit by Mike Hoffman.
9:59 of 1st period - Icing by William Nylander.
10:00 of 1st period - Leon Draisaitl wins face-off versus Mika Zibanejad in CAROLINA Hurricanes zone.
10:16 of 1st period - Elias Pettersson is hit by Shea Weber and loses puck.
10:25 of 1st period - Shot by Elias Pettersson.
10:25 of 1st period - Stopped by Connor Hellebuyck without a rebound.
10:26 of 1st period - Sean Couturier wins face-off versus Nazem Kadri in PHILADELPHIA Flyers zone.
11:37 of 1st period - Adam Fox is hit by Sean Monahan and loses puck.
12:22 of 1st period - Icing by Justin Schultz.
12:23 of 1st period - Blake Lizotte wins face-off versus Sean Monahan in PHILADELPHIA Flyers zone.
13:41 of 1st period - Derek Ryan is hit by Shea Weber and loses puck.
13:48 of 1st period - Shot by Derek Ryan.
13:48 of 1st period - Stopped by Connor Hellebuyck with a rebound.
14:59 of 1st period - Sam Gagner is hit by Brandon Montour and loses puck.
15:45 of 1st period - Ben Chiarot is hit by Brady Tkachuk and loses puck.
15:49 of 1st period - Icing by Ben Chiarot.
15:50 of 1st period - Blake Lizotte wins face-off versus Chris Tierney in PHILADELPHIA Flyers zone.
16:09 of 1st period - Shot by Filip Forsberg.
16:09 of 1st period - Stopped by Connor Hellebuyck without a rebound.
16:10 of 1st period - Nazem Kadri wins face-off versus Mike Hoffman in PHILADELPHIA Flyers zone.
16:10 of 1st period - Brady Tkachuk is hit by Shea Weber and loses puck.
16:17 of 1st period - Shot by Nazem Kadri.
16:17 of 1st period - Shot Misses the Net.
16:24 of 1st period - Off-side.
16:25 of 1st period - Mika Zibanejad wins face-off versus Josh Leivo in neutral zone.
16:38 of 1st period - Shot by Elias Pettersson.
16:38 of 1st period - Stopped by Connor Hellebuyck with a rebound.
16:40 of 1st period - Shot by Mika Zibanejad.
16:40 of 1st period - Stopped by Connor Hellebuyck without a rebound.
16:41 of 1st period - Nazem Kadri wins face-off versus Leon Draisaitl in PHILADELPHIA Flyers zone.
17:04 of 1st period - Shot by Leon Draisaitl.
17:04 of 1st period - Stopped by Alexandar Georgiev without a rebound.
17:05 of 1st period - Sam Gagner wins face-off versus Mika Zibanejad in CAROLINA Hurricanes zone.
17:05 of 1st period - Sam Gagner is hit by Kris Letang.
17:49 of 1st period - Shot by Elias Pettersson.
17:49 of 1st period - Stopped by Connor Hellebuyck without a rebound.
17:50 of 1st period - Leon Draisaitl wins face-off versus Nazem Kadri in PHILADELPHIA Flyers zone.
17:52 of 1st period - Icing by Mike Hoffman.
17:53 of 1st period - Leon Draisaitl wins face-off versus Nazem Kadri in PHILADELPHIA Flyers zone.
18:08 of 1st period - Off-side.
18:09 of 1st period - Chris Tierney wins face-off versus Blake Lizotte in neutral zone.
18:09 of 1st period - Josh Leivo is hit by Blake Lizotte and loses puck.
18:16 of 1st period - Shot by David Perron.
18:16 of 1st period - Stopped by Connor Hellebuyck without a rebound.
18:17 of 1st period - Mika Zibanejad wins face-off versus Leon Draisaitl in PHILADELPHIA Flyers zone.
18:17 of 1st period - Mika Zibanejad is hit by Alexander Edler.
18:26 of 1st period - Minor Penalty to Alexander Edler for Slashing.
18:27 of 1st period - Leon Draisaitl wins face-off versus Mika Zibanejad in PHILADELPHIA Flyers zone.
18:45 of 1st period - Shot by Brady Tkachuk.
18:45 of 1st period - Goal by Brady Tkachuk - CAROLINA Hurricanes : 2 - PHILADELPHIA Flyers : 0.
18:46 of 1st period - Chris Tierney wins face-off versus Blake Lizotte in neutral zone.
18:46 of 1st period - Ben Chiarot is hit by David Perron and loses puck.
18:54 of 1st period - David Perron is hit by Shea Weber and loses puck.
19:11 of 1st period - Shot by Blake Lizotte.
19:11 of 1st period - Stopped by Connor Hellebuyck without a rebound.
19:12 of 1st period - Elias Pettersson wins face-off versus Leon Draisaitl in PHILADELPHIA Flyers zone.
19:21 of 1st period - Shot by William Nylander.
19:21 of 1st period - Shot Misses the Net.
19:41 of 1st period - Brandon Montour is hit by Mike Hoffman and loses puck.
Goals for this period are 2 for CAROLINA Hurricanes vs 0 for PHILADELPHIA Flyers.
Shots for this period are 12 for CAROLINA Hurricanes vs 6 for PHILADELPHIA Flyers.

2nd period


0:01 of 2nd period - Nazem Kadri wins face-off versus Leon Draisaitl in neutral zone.
0:17 of 2nd period - Shot by Brady Tkachuk.
0:17 of 2nd period - Stopped by Connor Hellebuyck without a rebound.
0:18 of 2nd period - Sean Couturier wins face-off versus Mika Zibanejad in PHILADELPHIA Flyers zone.
0:33 of 2nd period - Shot by Nick Schmaltz.
0:33 of 2nd period - Goal by Nick Schmaltz - CAROLINA Hurricanes : 2 - PHILADELPHIA Flyers : 1.
0:34 of 2nd period - Nazem Kadri wins face-off versus Leon Draisaitl in neutral zone.
0:56 of 2nd period - Brady Tkachuk is hit by Leon Draisaitl and loses puck.
1:13 of 2nd period - Shot by Leon Draisaitl.
1:13 of 2nd period - Stopped by Alexandar Georgiev with a rebound.
1:56 of 2nd period - Sean Couturier is hit by Devon Toews and loses puck.
2:01 of 2nd period - Shot by Nick Schmaltz.
2:01 of 2nd period - Stopped by Alexandar Georgiev without a rebound.
2:02 of 2nd period - Filip Forsberg wins face-off versus Sam Gagner in CAROLINA Hurricanes zone.
2:15 of 2nd period - Shot by Adam Erne.
2:15 of 2nd period - Stopped by Alexandar Georgiev without a rebound.
2:16 of 2nd period - Derek Ryan wins face-off versus Josh Leivo in CAROLINA Hurricanes zone.
2:16 of 2nd period - Adam Fox is hit by Chris Tierney and loses puck.
2:26 of 2nd period - Icing by Noah Cates.
2:27 of 2nd period - Derek Ryan wins face-off versus Leon Draisaitl in CAROLINA Hurricanes zone.
3:28 of 2nd period - Justin Schultz is hit by Mika Zibanejad and loses puck.
3:45 of 2nd period - Shot by William Nylander.
3:45 of 2nd period - Shot Misses the Net.
3:49 of 2nd period - Shot by Elias Pettersson.
3:49 of 2nd period - Deflect By William Nylander.
3:49 of 2nd period - Shot Blocked by Justin Schultz.
4:04 of 2nd period - Icing by Alexander Edler.
4:05 of 2nd period - Nazem Kadri wins face-off versus Sam Gagner in PHILADELPHIA Flyers zone.
4:09 of 2nd period - Travis Konecny is hit by Alexander Edler and loses puck.
4:14 of 2nd period - Shot by Nazem Kadri.
4:14 of 2nd period - Stopped by Connor Hellebuyck without a rebound.
4:15 of 2nd period - Blake Lizotte wins face-off versus Sean Couturier in PHILADELPHIA Flyers zone.
5:31 of 2nd period - Shot by Nazem Kadri.
5:31 of 2nd period - Shot Blocked by Ben Chiarot.
5:33 of 2nd period - Shot by Travis Konecny.
5:33 of 2nd period - Shot Blocked by Claude Giroux.
5:39 of 2nd period - Shot by Brady Tkachuk.
5:39 of 2nd period - Stopped by Connor Hellebuyck without a rebound.
5:40 of 2nd period - Mika Zibanejad wins face-off versus Chris Tierney in PHILADELPHIA Flyers zone.
5:45 of 2nd period - Shot by Kris Letang.
5:45 of 2nd period - Shot Misses the Net.
5:59 of 2nd period - Shot by Mika Zibanejad.
5:59 of 2nd period - Shot Misses the Net.
6:01 of 2nd period - Shot by Mika Zibanejad.
6:01 of 2nd period - Shot Misses the Net.
6:03 of 2nd period - Shot by Elias Pettersson.
6:03 of 2nd period - Shot Misses the Net.
6:05 of 2nd period - Shot by Devon Toews.
6:05 of 2nd period - Shot Blocked by Alexander Edler.
6:15 of 2nd period - Shot by Elias Pettersson.
6:15 of 2nd period - Shot Blocked by Alexander Edler.
6:17 of 2nd period - Shot by Kris Letang.
6:17 of 2nd period - Stopped by Connor Hellebuyck without a rebound.
6:18 of 2nd period - Leon Draisaitl wins face-off versus Nazem Kadri in PHILADELPHIA Flyers zone.
6:31 of 2nd period - Shot by Brandon Montour.
6:31 of 2nd period - Shot Hit the Post.
6:33 of 2nd period - Shot by Travis Konecny.
6:33 of 2nd period - Shot Misses the Net.
6:35 of 2nd period - Shot by Adam Fox.
6:35 of 2nd period - Goal by Adam Fox - CAROLINA Hurricanes : 3 - PHILADELPHIA Flyers : 1.
6:36 of 2nd period - Blake Lizotte wins face-off versus Adam Erne in neutral zone.
7:11 of 2nd period - Shot by Blake Lizotte.
7:11 of 2nd period - Shot Misses the Net.
7:40 of 2nd period - Adam Erne is hit by Mika Zibanejad and loses puck.
7:47 of 2nd period - Shot by William Nylander.
7:47 of 2nd period - Deflect By Elias Pettersson.
7:47 of 2nd period - Stopped by Connor Hellebuyck without a rebound.
7:48 of 2nd period - Leon Draisaitl wins face-off versus Nazem Kadri in PHILADELPHIA Flyers zone.
7:48 of 2nd period - Claude Giroux is hit by Brady Tkachuk and loses puck.
8:09 of 2nd period - Shot by Claude Giroux.
8:09 of 2nd period - Stopped by Alexandar Georgiev without a rebound.
8:10 of 2nd period - Sean Couturier wins face-off versus Mika Zibanejad in CAROLINA Hurricanes zone.
8:11 of 2nd period - Shot by Nick Schmaltz.
8:11 of 2nd period - Shot Misses the Net.
8:27 of 2nd period - Shot by Elias Pettersson.
8:27 of 2nd period - Shot Misses the Net.
8:41 of 2nd period - Shot by William Nylander.
8:41 of 2nd period - Deflect By Elias Pettersson.
8:41 of 2nd period - Shot Misses the Net.
8:43 of 2nd period - Shot by Adam Fox.
8:43 of 2nd period - Shot Hit the Post.
9:05 of 2nd period - Devon Toews is hit by Sean Monahan and loses puck.
9:58 of 2nd period - Minor Penalty to Mike Hoffman for Tripping.
9:59 of 2nd period - Elias Pettersson wins face-off versus Leon Draisaitl in PHILADELPHIA Flyers zone.
11:06 of 2nd period - Shot by William Nylander.
11:06 of 2nd period - Deflect By Brady Tkachuk.
11:06 of 2nd period - Shot Misses the Net.
11:08 of 2nd period - Shot by Kris Letang.
11:08 of 2nd period - Stopped by Connor Hellebuyck without a rebound.
11:09 of 2nd period - Leon Draisaitl wins face-off versus Mika Zibanejad in PHILADELPHIA Flyers zone.
11:55 of 2nd period - Shea Weber is hit by Elias Pettersson and loses puck.
12:16 of 2nd period - Shot by Adam Erne.
12:16 of 2nd period - Stopped by Alexandar Georgiev with a rebound.
12:19 of 2nd period - Icing by Evgeny Svechnikov.
12:20 of 2nd period - Derek Ryan wins face-off versus Chris Tierney in CAROLINA Hurricanes zone.
12:31 of 2nd period - Shot by Chris Tierney.
12:31 of 2nd period - Deflect By Josh Leivo.
12:31 of 2nd period - Stopped by Alexandar Georgiev without a rebound.
12:32 of 2nd period - Blake Lizotte wins face-off versus Nick Schmaltz in CAROLINA Hurricanes zone.
12:58 of 2nd period - Shot by Shea Weber.
12:58 of 2nd period - Shot Blocked by David Perron.
13:55 of 2nd period - Shot by Claude Giroux.
13:55 of 2nd period - Shot Misses the Net.
13:58 of 2nd period - Icing by Adam Fox.
13:59 of 2nd period - Josh Leivo wins face-off versus Mika Zibanejad in CAROLINA Hurricanes zone.
14:55 of 2nd period - Icing by Claude Giroux.
14:56 of 2nd period - Leon Draisaitl wins face-off versus Blake Lizotte in PHILADELPHIA Flyers zone.
15:10 of 2nd period - Leon Draisaitl is hit by Kris Letang and loses puck.
15:13 of 2nd period - Shot by Claude Giroux.
15:13 of 2nd period - Deflect By Mike Hoffman.
15:13 of 2nd period - Shot Misses the Net.
15:15 of 2nd period - Shot by Noah Juulsen.
15:15 of 2nd period - Shot Misses the Net.
15:17 of 2nd period - Shot by Mike Hoffman.
15:17 of 2nd period - Stopped by Alexandar Georgiev without a rebound.
15:18 of 2nd period - Sam Gagner wins face-off versus Derek Ryan in CAROLINA Hurricanes zone.
15:18 of 2nd period - Adam Erne is hit by Brandon Montour and loses puck.
15:26 of 2nd period - Off-side.
15:27 of 2nd period - Leon Draisaitl wins face-off versus Mika Zibanejad in neutral zone.
15:32 of 2nd period - Shot by Claude Giroux.
15:32 of 2nd period - Stopped by Alexandar Georgiev without a rebound.
15:33 of 2nd period - Leon Draisaitl wins face-off versus Mika Zibanejad in CAROLINA Hurricanes zone.
15:33 of 2nd period - Leon Draisaitl is hit by Brandon Montour.
16:02 of 2nd period - William Nylander is hit by Mike Hoffman and loses puck.
16:14 of 2nd period - Minor Penalty to Shea Weber for Roughing.
16:15 of 2nd period - Elias Pettersson wins face-off versus Sean Couturier in PHILADELPHIA Flyers zone.
16:28 of 2nd period - Leon Draisaitl is hit by Travis Konecny and loses puck.
16:39 of 2nd period - Shot by Elias Pettersson.
16:39 of 2nd period - Shot Blocked by Joel Edmundson.
16:41 of 2nd period - Shot by Elias Pettersson.
16:41 of 2nd period - Shot Misses the Net.
16:43 of 2nd period - Shot by Devon Toews.
16:43 of 2nd period - Stopped by Connor Hellebuyck without a rebound.
16:44 of 2nd period - Mika Zibanejad wins face-off versus Sean Couturier in PHILADELPHIA Flyers zone.
16:45 of 2nd period - Shot by Adam Fox.
16:45 of 2nd period - Shot Misses the Net.
16:47 of 2nd period - Shot by Mika Zibanejad.
16:47 of 2nd period - Shot Misses the Net.
16:49 of 2nd period - Shot by Adam Fox.
16:49 of 2nd period - Shot Misses the Net.
16:51 of 2nd period - Shot by Adam Fox.
16:51 of 2nd period - Stopped by Connor Hellebuyck without a rebound.
16:52 of 2nd period - Mika Zibanejad wins face-off versus Leon Draisaitl in PHILADELPHIA Flyers zone.
16:55 of 2nd period - Shot by Mika Zibanejad.
16:55 of 2nd period - Stopped by Connor Hellebuyck without a rebound.
16:56 of 2nd period - Leon Draisaitl wins face-off versus William Nylander in PHILADELPHIA Flyers zone.
16:56 of 2nd period - Leon Draisaitl is hit by Brady Tkachuk.
18:32 of 2nd period - Jakub Voracek is hit by Rasmus Ristolainen and loses puck.
19:50 of 2nd period - Shot by Sam Gagner.
19:50 of 2nd period - Stopped by Alexandar Georgiev without a rebound.
19:51 of 2nd period - Mika Zibanejad wins face-off versus Leon Draisaitl in CAROLINA Hurricanes zone.
19:51 of 2nd period - Mika Zibanejad is hit by Claude Giroux.
19:58 of 2nd period - Shot by Mike Hoffman.
19:58 of 2nd period - Shot Misses the Net.
Goals for this period are 1 for CAROLINA Hurricanes vs 1 for PHILADELPHIA Flyers.
Shots for this period are 10 for CAROLINA Hurricanes vs 10 for PHILADELPHIA Flyers.

3rd period


0:01 of 3rd period - Leon Draisaitl wins face-off versus Mika Zibanejad in neutral zone.
0:36 of 3rd period - Shot by Leon Draisaitl.
0:36 of 3rd period - Deflect By Mike Hoffman.
0:36 of 3rd period - Stopped by Alexandar Georgiev without a rebound.
0:37 of 3rd period - Sean Couturier wins face-off versus Nazem Kadri in CAROLINA Hurricanes zone.
0:56 of 3rd period - Shot by Sean Couturier.
0:56 of 3rd period - Stopped by Alexandar Georgiev without a rebound.
0:57 of 3rd period - Blake Lizotte wins face-off versus Sam Gagner in CAROLINA Hurricanes zone.
1:07 of 3rd period - Icing by Joel Edmundson.
1:08 of 3rd period - Sam Gagner wins face-off versus Travis Konecny in PHILADELPHIA Flyers zone.
1:08 of 3rd period - Sam Gagner is hit by Brady Tkachuk.
1:16 of 3rd period - Shot by Jonathan Drouin.
1:16 of 3rd period - Shot Misses the Net.
1:26 of 3rd period - Shot by Adam Erne.
1:26 of 3rd period - Stopped by Alexandar Georgiev without a rebound.
1:27 of 3rd period - Mika Zibanejad wins face-off versus Leon Draisaitl in CAROLINA Hurricanes zone.
1:32 of 3rd period - Shea Weber is hit by Elias Pettersson and loses puck.
2:36 of 3rd period - Shot by Travis Konecny.
2:36 of 3rd period - Deflect By Nazem Kadri.
2:36 of 3rd period - Shot Misses the Net.
2:48 of 3rd period - Shot by Brady Tkachuk.
2:48 of 3rd period - Shot Misses the Net.
2:52 of 3rd period - Shot by Nazem Kadri.
2:52 of 3rd period - Stopped by Connor Hellebuyck without a rebound.
2:53 of 3rd period - Sean Couturier wins face-off versus Blake Lizotte in PHILADELPHIA Flyers zone.
2:55 of 3rd period - Icing by Alexander Edler.
2:56 of 3rd period - Sean Couturier wins face-off versus Blake Lizotte in PHILADELPHIA Flyers zone.
2:56 of 3rd period - Sean Couturier is hit by David Perron.
3:02 of 3rd period - Shot by Nick Schmaltz.
3:02 of 3rd period - Shot Blocked by Niko Mikkola.
3:30 of 3rd period - Shot by David Perron.
3:30 of 3rd period - Shot Misses the Net.
3:36 of 3rd period - Shot by Blake Lizotte.
3:36 of 3rd period - Stopped by Connor Hellebuyck without a rebound.
3:37 of 3rd period - Chris Tierney wins face-off versus Nazem Kadri in PHILADELPHIA Flyers zone.
3:37 of 3rd period - Chris Tierney is hit by Travis Konecny.
5:16 of 3rd period - Off-side.
5:17 of 3rd period - Leon Draisaitl wins face-off versus Blake Lizotte in neutral zone.
6:16 of 3rd period - Shot by Derek Ryan.
6:16 of 3rd period - Stopped by Connor Hellebuyck without a rebound.
6:17 of 3rd period - Elias Pettersson wins face-off versus Sean Couturier in PHILADELPHIA Flyers zone.
6:24 of 3rd period - Shot by Mika Zibanejad.
6:24 of 3rd period - Stopped by Connor Hellebuyck with a rebound.
6:26 of 3rd period - Shot by Elias Pettersson.
6:26 of 3rd period - Shot Misses the Net.
6:28 of 3rd period - Shot by Devon Toews.
6:28 of 3rd period - Stopped by Connor Hellebuyck with a rebound.
6:30 of 3rd period - Shot by Mika Zibanejad.
6:30 of 3rd period - Deflect By William Nylander.
6:30 of 3rd period - Shot Misses the Net.
6:32 of 3rd period - Shot by Elias Pettersson.
6:32 of 3rd period - Stopped by Connor Hellebuyck without a rebound.
6:33 of 3rd period - Sam Gagner wins face-off versus Nazem Kadri in PHILADELPHIA Flyers zone.
7:21 of 3rd period - Icing by Travis Konecny.
7:22 of 3rd period - Leon Draisaitl wins face-off versus Nazem Kadri in CAROLINA Hurricanes zone.
7:22 of 3rd period - Claude Giroux is hit by Brandon Montour and loses puck.
7:25 of 3rd period - Shot by Leon Draisaitl.
7:25 of 3rd period - Stopped by Alexandar Georgiev without a rebound.
7:26 of 3rd period - Mika Zibanejad wins face-off versus Leon Draisaitl in CAROLINA Hurricanes zone.
8:11 of 3rd period - Shot by Elias Pettersson.
8:11 of 3rd period - Deflect By William Nylander.
8:11 of 3rd period - Stopped by Connor Hellebuyck without a rebound.
8:12 of 3rd period - Blake Lizotte wins face-off versus Nick Schmaltz in PHILADELPHIA Flyers zone.
9:10 of 3rd period - Icing by Joel Edmundson.
9:11 of 3rd period - Chris Tierney wins face-off versus Mika Zibanejad in PHILADELPHIA Flyers zone.
9:36 of 3rd period - Icing by William Nylander.
9:37 of 3rd period - Mika Zibanejad wins face-off versus Leon Draisaitl in CAROLINA Hurricanes zone.
9:39 of 3rd period - Icing by Devon Toews.
9:40 of 3rd period - Mika Zibanejad wins face-off versus Leon Draisaitl in CAROLINA Hurricanes zone.
10:00 of 3rd period - Icing by Devon Toews.
10:01 of 3rd period - Mika Zibanejad wins face-off versus Sean Couturier in CAROLINA Hurricanes zone.
10:01 of 3rd period - Mika Zibanejad is hit by Nick Schmaltz.
11:28 of 3rd period - Icing by Shea Weber.
11:29 of 3rd period - Leon Draisaitl wins face-off versus Derek Ryan in PHILADELPHIA Flyers zone.
12:10 of 3rd period - Shot by Adam Erne.
12:10 of 3rd period - Shot Misses the Net.
12:12 of 3rd period - Shot by Adam Erne.
12:12 of 3rd period - Shot Hit the Post.
12:18 of 3rd period - Shot by Jonathan Drouin.
12:18 of 3rd period - Stopped by Alexandar Georgiev without a rebound.
12:19 of 3rd period - Nazem Kadri wins face-off versus Sean Couturier in CAROLINA Hurricanes zone.
12:30 of 3rd period - Shot by Brady Tkachuk.
12:30 of 3rd period - Stopped by Connor Hellebuyck without a rebound.
12:31 of 3rd period - Chris Tierney wins face-off versus Blake Lizotte in PHILADELPHIA Flyers zone.
12:57 of 3rd period - Icing by Justin Schultz.
12:58 of 3rd period - Chris Tierney wins face-off versus Nazem Kadri in PHILADELPHIA Flyers zone.
13:02 of 3rd period - Jakub Voracek is hit by Kris Letang and loses puck.
13:18 of 3rd period - Icing by Devon Toews.
13:19 of 3rd period - Leon Draisaitl wins face-off versus Brady Tkachuk in CAROLINA Hurricanes zone.
13:19 of 3rd period - Leon Draisaitl is hit by Kris Letang.
13:44 of 3rd period - Travis Konecny is hit by Shea Weber and loses puck.
14:27 of 3rd period - Shot by Elias Pettersson.
14:27 of 3rd period - Shot Misses the Net.
15:33 of 3rd period - Rasmus Ristolainen is hit by Jonathan Drouin and loses puck.
16:18 of 3rd period - Shot by Chris Tierney.
16:18 of 3rd period - Shot Misses the Net.
16:20 of 3rd period - Shot by Ben Chiarot.
16:20 of 3rd period - Stopped by Alexandar Georgiev without a rebound.
16:21 of 3rd period - Nazem Kadri wins face-off versus Leon Draisaitl in CAROLINA Hurricanes zone.
16:46 of 3rd period - Shot by Leon Draisaitl.
16:46 of 3rd period - Stopped by Alexandar Georgiev without a rebound.
16:47 of 3rd period - Sean Couturier wins face-off versus Mika Zibanejad in CAROLINA Hurricanes zone.
17:01 of 3rd period - Icing by Niko Mikkola.
17:02 of 3rd period - Leon Draisaitl wins face-off versus Elias Pettersson in CAROLINA Hurricanes zone.
17:19 of 3rd period - Shot by Leon Draisaitl.
17:19 of 3rd period - Stopped by Alexandar Georgiev with a rebound.
17:30 of 3rd period - Off-side.
17:31 of 3rd period - Nazem Kadri wins face-off versus Sean Couturier in neutral zone.
17:42 of 3rd period - Adam Fox is hit by Sean Monahan and loses puck.
17:49 of 3rd period - Shot by Nick Schmaltz.
17:49 of 3rd period - Stopped by Alexandar Georgiev without a rebound.
17:50 of 3rd period - Blake Lizotte wins face-off versus Leon Draisaitl in CAROLINA Hurricanes zone.
17:55 of 3rd period - Joel Edmundson is hit by Blake Lizotte and loses puck.
18:08 of 3rd period - Shot by Devon Toews.
18:08 of 3rd period - Stopped by Connor Hellebuyck without a rebound.
18:09 of 3rd period - Sean Couturier wins face-off versus Brady Tkachuk in PHILADELPHIA Flyers zone.
18:23 of 3rd period - Nick Schmaltz is hit by Brandon Montour.
19:09 of 3rd period - Shot by Elias Pettersson.
19:09 of 3rd period - Shot Misses the Net.
19:11 of 3rd period - Shot by William Nylander.
19:11 of 3rd period - Deflect By Elias Pettersson.
19:11 of 3rd period - Shot Misses the Net.
19:13 of 3rd period - Shot by William Nylander.
19:13 of 3rd period - Deflect By Mika Zibanejad.
19:13 of 3rd period - Stopped by Connor Hellebuyck without a rebound.
19:14 of 3rd period - Leon Draisaitl wins face-off versus Blake Lizotte in PHILADELPHIA Flyers zone.
19:50 of 3rd period - Blake Lizotte is hit by Noah Juulsen and loses puck.
19:53 of 3rd period - Shot by Filip Forsberg.
19:53 of 3rd period - Stopped by Connor Hellebuyck without a rebound.
19:54 of 3rd period - Mika Zibanejad wins face-off versus Sam Gagner in PHILADELPHIA Flyers zone.
19:57 of 3rd period - Shot by Elias Pettersson.
19:57 of 3rd period - Shot Misses the Net.
Goals for this period are 0 for CAROLINA Hurricanes vs 0 for PHILADELPHIA Flyers.
Shots for this period are 11 for CAROLINA Hurricanes vs 9 for PHILADELPHIA Flyers. Output by the SimonT Hockey Simulator (STHS) for Martin Benoit - Original Page W3C HTML5 Valid
Hockey Simulator - Hockey Simulation - Hockey Manager